 Dungeon Crawl Stone Soup version 0.30-a0-149-g7f746667c4 (webtiles) character file.

Game seed: 2880371205312212079

594 LnG the Sneak (level 7, -1/34 (38) HPs)
             Began as a Kobold Summoner on Sept 26, 2022.
             Slain by a wight
             ... wielding a +5 long sword
              (6 damage)
             ... on level 4 of the Dungeon.
             The game lasted 00:12:15 (5840 turns).

LnG the Sneak (Kobold Summoner)                     Turns: 5840, Time: 00:12:20

HP:   -1/34 (38)    AC:  6    Str:  5    XL:     7   Next: 67%
MP:   3/12          EV: 15    Int: 19    God:
Gold: 188           SH:  0    Dex: 15    Spells: 4/13 levels left

rFire   . . .      SeeInvis .    f - +0 dagger
rCold   . . .      Faith    .    (no shield)
rNeg    . . .      Spirit   .    a - +0 robe
rPois   .          Reflect  .    (no helmet)
rElec   .          Harm     .    (no cloak)
rCorr   .          Rampage  .    m - +0 pair of gloves
Will    .....                    v - +2 pair of boots
Stlth   ++++......               (no amulet)
HPRegen 0.11/turn                (no ring)
MPRegen 0.13/turn                (no ring)

@: heavily drained
A: small, no large weapons, nightstalker 3
a: no special abilities


You were on level 4 of the Dungeon.
You visited 1 branch of the dungeon, and saw 4 of its levels.

You collected 188 gold pieces.

Inventory:

Hand Weapons
 f - a +0 dagger (weapon)
Missiles
 p - 2 throwing nets
Armour
 a - a +0 robe (worn)
 m - a +0 pair of gloves (worn)
 v - a +2 pair of boots (worn)
Scrolls
 d - a scroll of immolation {unknown}
 e - a scroll of vulnerability {unknown}
 g - 2 scrolls of noise {unknown}
 i - 2 scrolls of butterflies {unknown}
 k - 2 scrolls of enchant armour {unknown}
 q - 3 scrolls of identify {unknown}
 r - a scroll of blinking {unknown}
 t - 2 scrolls of teleportation {unknown}
Potions
 b - a potion of magic
 c - 3 potions of attraction
 h - 3 potions of curing
 j - a potion of berserk rage {unknown}
 l - a potion of might {unknown}
 n - 3 potions of flight {unknown}
 o - a potion of haste {unknown}
 s - a potion of lignification {unknown}
 u - a potion of cancellation {unknown}


   Skills:
 + Level 1.4 Fighting
 + Level 3.8 Short Blades
 + Level 3.5 Dodging
 + Level 6.8 Stealth
 + Level 3.8 Spellcasting
 + Level 5.2 Summonings


You had 4 spell levels left.
You knew the following spells:

 Your Spells              Type           Power      Damage    Failure   Level
a - Summon Small Mammal   Summ           92%        N/A       1%          1
b - Call Imp              Summ           23%        N/A       2%          2
c - Call Canine Familiar  Summ           23%        N/A       4%          3
d - Summon Guardian Gole  Hex/Summ       13%        N/A       14%         3

Your spell library contained the following spells:

 Spells                   Type           Power      Damage    Failure   Level
 Freeze                   Ice            12%        1d4       14%         1
 Slow                     Hex            12%        N/A       14%         1
 Ensorcelled Hibernation  Hex/Ice        6%         N/A       21%         2
 Passwall                 Tmut/Erth      2%         N/A       22%         2
 Confusing Touch          Hex            3%         N/A       38%         3
 Frozen Ramparts          Ice            6%         1d1       38%         3
 Swiftness                Air            3%         N/A       38%         3
 Vampiric Draining        Necr           3%         2d6       38%         3
 Summon Lightning Spire   Summ/Air       13%        N/A       43%         4
 Hailstorm                Conj/Ice       3%         3d3       80%         4


Dungeon Overview and Level Annotations

Branches:
Dungeon (4/15)
 Temple: D:4-7

Altars:
Dithmenos


Innate Abilities, Weirdness & Mutations

You are small and have problems with some larger weapons.
You are completely attuned to the shadows.


Message History

You hit the wight but do no damage.
The wight is heavily damaged.
Your shadow imp hits the wight but does no damage.
Your hound misses the wight. The wight closely misses you.
You hit the wight but do no damage.
The wight is heavily damaged.
Your hound bites the wight.
Your shadow imp hits the wight but does no damage.
You hit the wight but do no damage.
The wight is heavily damaged.
Your hound bites the wight.
The wight hits you with a +5 long sword.
Your shadow imp closely misses the wight.
You hit the wight.
The wight is severely damaged.
Your hound bites the wight.
The wight barely misses your hound.
You closely miss the wight.
The wight is severely damaged.
Your hound bites the wight.
Your shadow imp hits the wight.
The wight barely misses your shadow imp.
The wight barely misses you.
Your hound barely misses the wight.
You hit the wight but do no damage.
The wight is almost destroyed.
Your shadow imp closely misses the wight.
Your hound bites the wight but does no damage.
The wight hits your shadow imp but does no damage.
The wight hits you with a +5 long sword!
You feel drained.
You hit the wight but do no damage.
The wight is almost destroyed.
Your hound bites the wight but does no damage.
Your shadow imp closely misses the wight.
You hit the wight but do no damage.
The wight is almost destroyed.
Your hound completely misses the wight.
The wight closely misses your shadow imp.
The wight hits you with a +5 long sword!
* * * LOW HITPOINT WARNING * * *
You feel drained.
You die...

#.# #.# #.#
#.# #.#
#...... #.#
#...... #.#
#.....
#.#####h#.#
#....@zz5.#
#######.9....
######.


You could see 2 wights, a friendly guardian golem (summoned), a friendly hound
(summoned, sheltered) and a friendly shadow imp (summoned, sheltered).

Vanquished Creatures
  A necrophage (D:4)
  A hound (D:4)
  A gnoll bouda (D:4)
  2 iguanas (D:4)
  Natasha (twice) (D:2)
  2 gnolls (D:4)
  3 adders
  3 dart slugs
  2 orcs (D:3)
  2 bats (D:1)
  4 endoplasms
  3 giant cockroaches
  3 goblins
  5 hobgoblins
  5 kobolds
  3 quokkas
  2 ball pythons
  2 frilled lizards
  5 rats
51 creatures vanquished.

Vanquished Creatures (collateral kills)
  A phantom (D:4)
  Natasha (D:2)
  7 gnolls
  An adder (D:4)
  4 orcs (D:3)
  4 ball pythons
  2 bats
  5 endoplasms
  2 giant cockroaches
  A goblin (D:1)
  2 hobgoblins
  4 jackals
  A kobold (D:1)
  2 quokkas (D:1)
  A frilled lizard (D:1)
  2 rats
40 creatures vanquished.

Vanquished Creatures (others)
  A gnoll bouda (D:4)
  An iguana (D:4)
  A hobgoblin (D:4)
  4 plants (D:1)
7 creatures vanquished.

Grand Total: 98 creatures vanquished

Notes
Turn   | Place    | Note
-------+----------+-------------------------------------------
     0 | D:1      | LnG the Kobold Summoner began the quest for the Orb.
     0 | D:1      | Reached XP level 1. HP: 10/10 MP: 3/3
   636 | D:1      | Found a faded altar of an unknown god.
   645 | D:1      | Reached skill level 3 in Stealth
   645 | D:1      | Reached XP level 2. HP: 8/15 MP: 1/5
   648 | D:1      | Learned a level 2 spell: Call Imp
   922 | D:1      | Reached XP level 3. HP: 13/19 MP: 3/6
   926 | D:1      | Learned a level 3 spell: Call Canine Familiar
  2118 | D:2      | Reached XP level 4. HP: 24/24 MP: 7/7
  2129 | D:2      | Noticed Natasha
  2134 | D:2      | Killed Natasha
  2135 | D:2      | Reached skill level 1 in Short Blades
  2228 | D:2      | Noticed Natasha
  2259 | D:2      | Killed Natasha
  2260 | D:2      | Reached skill level 4 in Stealth
  2260 | D:2      | Reached XP level 5. HP: 28/28 MP: 5/9
  2475 | D:2      | Noticed Natasha
  2496 | D:2      | Killed Natasha
  3016 | D:3      | Found a shadowy altar of Dithmenos.
  3644 | D:4      | Learned a level 3 spell: Summon Guardian Golem
  3666 | D:4      | Reached skill level 5 in Stealth
  3666 | D:4      | Reached XP level 6. HP: 33/33 MP: 10/10
  3681 | D:4      | Reached skill level 1 in Fighting
  3812 | D:4      | Reached skill level 6 in Stealth
  4076 | D:4      | Reached XP level 7. HP: 38/38 MP: 12/12
  4166 | D:4      | Reached skill level 5 in Summonings
  5840 | D:4      | Slain by a wight

Illustrated notes

Levels and vault maps discovered:
D:1:      roderic_crop_circles_arrival_large, layout_loops_ring,
          ebering_ecumenical_altar_ruins, serial_rivers,
          chequers_serial_rivers_micro_b, chequers_serial_rivers_micro_d,
          chequers_serial_rivers_micro_e, chequers_serial_rivers_micro_e
D:2:      layout_loops_ring, uniq_natasha
D:3:      layout_rooms, grunt_dithmenos_smoke_and_mirrors
D:4:      layout_loops_corners

Skill      XL: |  1  2  3  4  5  6  7 |
---------------+----------------------+-----
Stealth        | 3 4 5 6 |  6.8
Short Blades   | 1 2 3 |  3.8
Dodging        | 3 |  3.5
Spellcasting   | 3 |  3.8
Fighting       | 1 |  1.4
Summonings     | 5 |  5.2

Action                   |  1- 3 |  4- 6 |  7- 9 || total
-------------------------+-------+-------+-------++-------
Melee: Unarmed           |    12 |       |       ||    12
       Dagger            |    32 |    90 |    72 ||   194
       Punch             |       |     2 |     1 ||     3
 Cast: Summon Small Mamm |    17 |       |       ||    17
       Call Imp          |     4 |     1 |     1 ||     6
       Call Canine Famil |     2 |     5 |    14 ||    21
       Summon Guardian G |       |       |     5 ||     5
  Use: Potion            |       |       |     2 ||     2
 Stab: Sleeping          |    10 |    17 |     3 ||    30
       Distracted        |     1 |       |       ||     1
Armor: Robe              |    11 |     7 |     7 ||    25
Dodge: Dodged            |    56 |    50 |    45 ||   151

Table legend: (Time is in decaauts)
 A = Elapsed time spent in this place.
 B = Non-inter-level travel time spent in this place.
 C = Inter-level travel time spent in this place.
 D = Time resting spent in this place.
 E = Time spent auto-exploring this place.
 F = Levels seen in this place.
 G = Mean time per level.
                   A        B        C        D        E       F      G
               +--------+--------+--------+--------+--------+-----+--------+
         Total |   5835 |   5734 |    101 |   1925 |   2967 |   4 | 1458.8 |
       Dungeon |   5835 |   5734 |    101 |   1925 |   2967 |   4 | 1458.8 |
               +--------+--------+--------+--------+--------+-----+--------+

Top non-repeatable levels by time:
     D:4: 2185 daAuts
     D:1: 2030 daAuts
     D:2: 937 daAuts
     D:3: 681 daAuts
